 Dungeon Crawl Stone Soup version 0.28.0 (webtiles) character file.

Game seed: 14951458046798458478

407 fiver49 the Slasher (level 6, -23/47 HPs)
             Began as a Barachi Abyssal Knight on Feb 5, 2022.
             Was a Believer of Lugonu.
             Annihilated by an ogre (33 damage)
             ... on level 3 of the Dungeon.
             The game lasted 00:10:49 (5132 turns).

fiver49 the Slasher (Barachi Abyssal Knight)        Turns: 5132, Time: 00:10:50

Health: -23/47     AC:  8    Str: 16    XL:     6   Next: 88%
Magic:  8/8        EV:  6    Int:  6    God:    Lugonu [**....]
Gold:   212        SH:  6    Dex: 12    Spells: 5/5 levels left

rFire   . . .      SeeInvis .   a - +1 falchion
rCold   . . .      Faith    .   r - +3 buckler of the Zebra {Contam Fly rElec Int-5}
rNeg    . . .      Spirit   .   e - +0 chain mail
rPois   .          Reflect  .   (no helmet)
rElec   +          Harm     .   (no cloak)
rCorr   .          Rampage  .   (no gloves)
Will    .....                   (no boots)
Stlth   ..........              o - amulet of magic regeneration
HPRegen 0.15/turn               (no ring)
MPRegen 0.51/turn               (no ring)

@: unable to hop, flying, slow
A: amphibious, slowness 1, strong legs 1, +LOS
a: Hop, Renounce Religion, Depart the Abyss, Bend Space


You were on level 3 of the Dungeon.
You worshipped Lugonu.
Lugonu was pleased with you.
You visited 1 branch of the dungeon, and saw 5 of its levels.
You visited the Abyss 1 time.

You collected 212 gold pieces.

Inventory:

Hand Weapons
 a - a +1 falchion (weapon)
Missiles
 d - a poisoned dart (quivered)
Armour
 b - a +0 leather armour
 e - a +0 chain mail (worn)
   (You found it on level 1 of the Dungeon)
 r - the +3 buckler of the Zebra (worn) {Contam Fly rElec Int-5}
   (You found it on level 4 of the Dungeon)

   Int:       It affects your intelligence (-5).
   rElec:     It insulates you from electricity.
   Fly:       It grants you flight.
   Contam:    It causes magical contamination when unequipped.
Jewellery
 o - an amulet of magic regeneration (around neck)
   (You found it on level 3 of the Dungeon)
 q - a ring of ice
   (You found it on level 4 of the Dungeon)
Scrolls
 f - a scroll of teleportation {unknown}
 g - a scroll of torment {unknown}
 j - 4 scrolls of identify {unknown}
 k - a scroll of blinking {unknown}
 l - a scroll of vulnerability {unknown}
 m - a scroll of noise {unknown}
 s - a scroll of enchant armour {unknown}
Potions
 c - 2 potions of haste {unknown}
 h - a potion of might {unknown}
 i - 2 potions of cancellation {unknown}
 n - a potion of mutation {unknown}
 p - a potion of curing {unknown}


   Skills:
 - Level 3.6 Fighting
 * Level 7.1 Long Blades
 - Level 2.4 Armour
 - Level 1.1 Dodging
 + Level 3.8 Invocations


You had 5 spell levels left.
You didn't know any spells.
Your spell library contained the following spells:

 Spells                   Type           Power      Damage    Failure   Level
 Corpse Rot               Necr/Air       0%         N/A       100%        2
 Poisonous Vapours        Pois/Air       0%         N/A       100%        2


Dungeon Overview and Level Annotations

Branches:
Dungeon (5/15)
 Temple: D:4-7

Altars:
Ashenzari
Kikubaaqudgha

Annotations:
D:4 Sigmund


Innate Abilities, Weirdness & Mutations

You are amphibious.
You cover ground slowly.
You can hop short distances.
You have an extended range of vision and can be seen from far away.


Message History

Okay, then.
d - a poisoned dart You start resting.
HP restored.
There is a stone staircase leading down here.
You fly downwards.
Found a long sword.
There is a stone staircase leading up here.
You fly upwards.
Level annotation: Sigmund
There is a stone staircase leading down here.
An ufetubus comes into view.
Found a scroll labelled NUTSEIH UFE.
The ufetubus hits you.
The ufetubus hits you but does no damage.
You barely miss the ufetubus. You block the ufetubus's attack.
The ufetubus barely misses you.
You miss the ufetubus.
The ufetubus hits you but does no damage.
The ufetubus barely misses you. You block the ufetubus's attack.
The ufetubus hits you.
You hit the ufetubus.
The ufetubus is almost dead.
The ufetubus hits you but does no damage.
The ufetubus closely misses you.
You barely miss the ufetubus.
The ufetubus is almost dead.
You block the ufetubus's attack.
The ufetubus hits you but does no damage.
The ufetubus hits you.
The ufetubus hits you but does no damage.
You miss the ufetubus.
The ufetubus is almost dead.
You block the ufetubus's attack. The ufetubus closely misses you.
You hit the ufetubus.
You kill the ufetubus!
Lugonu accepts your kill.
No target in view!
HP restored.
j - 4 scrolls labelled NUTSEIH UFE (gained 1)
You now have 212 gold pieces (gained 12).
An ogre comes into view. It is wielding a +0 giant club.
The ogre shouts!
Press: ? - help, Shift-Dir - straight line, f - ogre
Aim: an ogre, wielding a +0 giant club (chance to affect: 81%)
You fail to use your ability.
Press: ? - help, Shift-Dir - straight line, f/p - ogre
Aim: an ogre, wielding a +0 giant club (chance to affect: 81%)
The ogre is devoured by a tear in reality.
Lugonu claims a new guest.
You can no longer banish your foes.
Your Long Blades skill increases to level 7!
Sigmund shouts!
Sigmund gestures wildly while chanting.
Sigmund flickers and vanishes!
Deactivating autopickup; reactivate with Ctrl-A.
You hear some strange, mumbled words.
Something tries to affect you, but you resist.
You hear some strange, mumbled words.
Something tries to affect you, but you resist.
You hear some strange, mumbled words.
You are confused.
You bump into the rock wall.
You bump into the rock wall.
Something hits you.
You're too confused to move!
You feel less confused. Something hits you!
A magic dart appears from out of thin air!
The magic dart hits you.
Sigmund appears from thin air!
Reactivating autopickup.
Items here: ))) [.
Sigmund mumbles some strange words.
Sigmund flickers and vanishes!
Deactivating autopickup; reactivate with Ctrl-A.
A magic dart appears from out of thin air!
The magic dart hits you but does no damage.
Hop to where?
Press: ? - help, Dir - move target Boing!
The ogre shouts!
Something tries to affect you, but you resist.
There is a stone staircase leading up here.
The ogre barely misses you.
You fly upwards.
Reactivating autopickup.
There is a stone staircase leading down here.
The ogre barely misses you.
The ogre hits you with a +0 giant spiked club!
* * * LOW HITPOINT WARNING * * *
You block the ogre's attack.
Okay, then.
Space bends around you!
You blink.
The ogre hits you with a +0 giant spiked club.
* * * LOW HITPOINT WARNING * * *
Space bends around you!
You blink.
There is a stone staircase leading down here.
The ogre barely misses you.
The ogre hits you with a +0 giant spiked club!!
Ouch! That really hurt!
You die...

##### #<#.# #.#.#### #.#....# ##
#.#.##.# #. #.#O##.############.
#ยง#@##..............
##############...###########...##
..........................O......
#########.############.#####...##
#.# #.# #...## #########.#####
#.## #...## ..............# #..#
#...## ..............# ##.#
#...## .......)......# #.# ######


You could see an ogre.

Vanquished Creatures
  A black bear (D:4)
  An orc priest (D:4)
  An iguana (D:3)
  6 gnolls
  5 adders
  An ufetubus (D:4)
  An adder skeleton (D:4)
  3 worms
  5 orcs
  2 ball pythons
  6 bats
  7 endoplasms
  A giant cockroach (D:3)
  6 goblins
  7 hobgoblins
  3 jackals (D:3)
  2 quokkas
  2 frilled lizards
  2 kobolds
  5 rats
67 creatures vanquished.

Notes
Turn   | Place    | Note
-------+----------+-------------------------------------------
     0 | Abyss:1  | fiver49 the Barachi Abyssal Knight began the quest for the
                  | Orb.
     0 | Abyss:1  | Reached XP level 1. HP: 18/18 MP: 2/2
    18 | D:1      | Escaped the Abyss
   117 | D:1      | Reached skill level 3 in Long Blades
   152 | D:1      | Reached XP level 2. HP: 24/24 MP: 3/3
   295 | D:1      | Found a faded altar of an unknown god.
   328 | D:1      | Reached ** piety under Lugonu
   330 | D:1      | Reached skill level 2 in Invocations
   494 | D:1      | Reached XP level 3. HP: 18/29 MP: 4/4
   743 | D:2      | Reached skill level 4 in Long Blades
  1260 | D:2      | Reached XP level 4. HP: 35/36 MP: 5/5
  2287 | D:3      | Reached skill level 5 in Long Blades
  2416 | D:3      | Reached XP level 5. HP: 34/41 MP: 7/7
  3095 | D:3      | Found a large runed translucent door.
  3095 | D:3      | Found a large runed translucent door.
  3130 | D:3      | Reached skill level 3 in Invocations
  3448 | D:3      | Found an ancient bone altar of Kikubaaqudgha.
  3453 | D:3      | Found a broken altar of Ashenzari.
  3498 | D:4      | Noticed a black bear
  3593 | D:4      | Noticed an ogre
  3661 | D:4      | Noticed Sigmund
  3820 | D:4      | Killed a black bear
  3821 | D:4      | Reached skill level 6 in Long Blades
  3821 | D:4      | Reached XP level 6. HP: 26/47 MP: 8/8
  3989 | D:4      | Identified the +3 buckler of the Zebra {Contam Fly rElec
                  | Int-5}
  4770 | D:4      | Reached *** piety under Lugonu
  4948 | D:5      | Entered Level 5 of the Dungeon
  4948 | D:5      | Noticed a sky beast
  5036 | D:4      | Reached skill level 7 in Long Blades
  5098 | D:3      | HP: 10/47 [ogre (17)]
  5107 | D:3      | HP: 8/47 [ogre (2)]
  5132 | D:3      | Annihilated by an ogre

Illustrated notes

Levels and vault maps discovered:
D:1:      dpeg_arrival_rooms_with_view, layout_rooms,
          shapermc_ecumenical_altar_starsandcircs
D:2:      layout_loops_ring
D:3:      minmay_general_purpose_star, layout_basic, jmf_multi_god_temple2,
          st_stairs_3
D:4:      layout_basic, portal_sewer_entry_e, sigmund_army, uniq_duvessa
D:5:      layout_loops_ring

Skill      XL: |  1  2  3  4  5  6 |
---------------+-------------------+-----
Long Blades    | 3 4 5 6 7 |  7.1
Invocations    | 2 3 |  3.8
Fighting       | |  3.6
Armour         | |  2.4
Dodging        | |  1.1

Action                   |  1- 3 |  4- 6 || total
-------------------------+-------+-------++-------
Melee: Falchion          |    80 |   170 ||   250
Throw: Dart              |     5 |     9 ||    14
Invok: Bend Space        |       |     2 ||     2
       Banish            |       |     1 ||     1
 Abil: Hop               |       |     4 ||     4
Armor: Chain mail        |    32 |    74 ||   106
       Leather armour    |     2 |       ||     2
Dodge: Dodged            |    28 |    59 ||    87
Block: Buckler           |       |    15 ||    15

Table legend: (Time is in decaauts)
 A = Elapsed time spent in this place.
 B = Non-inter-level travel time spent in this place.
 C = Inter-level travel time spent in this place.
 D = Time resting spent in this place.
 E = Time spent auto-exploring this place.
 F = Levels seen in this place.
 G = Mean time per level.
                   A        B        C        D        E       F      G
               +--------+--------+--------+--------+--------+-----+--------+
         Total |   5596 |   5184 |    412 |   1600 |   2343 |   6 |  932.7 |
       Dungeon |   5575 |   5163 |    412 |   1600 |   2326 |   5 | 1115.0 |
         Abyss |     21 |     21 |      0 |      0 |     16 |   1 |   21.0 |
               +--------+--------+--------+--------+--------+-----+--------+

Top non-repeatable levels by time:
     D:3: 1974 daAuts
     D:4: 1244 daAuts
     D:2: 1209 daAuts
     D:1: 1145 daAuts
 Abyss:1: 21 daAuts
     D:5: 1 daAuts

Table legend:
 A = Kills in this place as a percentage of kills in entire the game.
 B = Kills by you in this place as a percentage of kills by you in the entire game.
 C = Kills by friends in this place as a percentage of kills by friends in the entire game.
 D = Other kills in this place as a percentage of other kills in the entire game.
 E = Experience gained in this place as a percentage of experience gained in the entire game.
 F = Experience gained in this place divided by the number of levels of this place that you have seen.
                   A       B       C       D       E      F
               +-------+-------+-------+-------+-------+----------------------
         Total | 100.0 | 100.0 |   N/A | 100.0 | 100.0 |  97.0
       Dungeon | 100.0 | 100.0 |   N/A | 100.0 | 100.0 | 116.4
               +-------+-------+-------+-------+-------+----------------------
